| TOP OF THE 1ST |
|
Mobile BayBears batting - Pitching for Mississippi Braves : RHP Orlando Velazquez
|
|
Pitching: RHP Orlando Velazquez
|
|
|
Batting: LHB Steve Reinhart
|
0-0: Ball 1-0: Ball 2-0: Called Strike 2-1: Ball 3-1: Ground out 4-3 (Groundball, 4, EV 88.1 MPH)
|
|
Batting: LHB Bobby Arevalo
|
0-0: Foul Ball, location: 2F 0-1: Swinging Strike 0-2: Ball 1-2: Strikes out swinging
|
|
Batting: SHB Salvador Aragon
|
0-0: Ball 1-0: Ground out U3 (Groundball, 34, EV 87.5 MPH)
|
| Top of the 1st over - 0 runs, 0 hits, 0 errors, 0 left on base; Mobile 0 - Mississippi 0 |
| BOTTOM OF THE 1ST |
|
Mississippi Braves batting - Pitching for Mobile BayBears : LHP David Legg
|
|
Pitching: LHP David Legg
|
|
|
Batting: LHB Ryan Braden
|
0-0: Ball 1-0: Called Strike 1-1: Ball 2-1: Ground out 4-3 (Groundball, 4S, EV 82.5 MPH)
|
|
Batting: RHB Angel Guzman
|
0-0: Ground out 6-3 (Groundball, 6, EV 85.6 MPH)
|
|
Batting: RHB Jack Power
|
0-0: Ball 1-0: Foul Ball, location: 2F 1-1: Ball 2-1: Ball 3-1: Called Strike 3-2: SINGLE (Groundball, 34D, EV 102.5 MPH)
|
|
Batting: RHB Tim Nettles
|
0-0: Ball 1-0: Foul Ball, location: 2F 1-1: DOUBLE (Line Drive, 7LS, EV 115.0 MPH) Jack Power to third
|
|
Batting: LHB Robby Dann
|
0-0: Called Strike 0-1: Ball 1-1: Called Strike 1-2: Strikes out swinging
|
| Bottom of the 1st over - 0 runs, 2 hits, 0 errors, 2 left on base; Mobile 0 - Mississippi 0 |
| TOP OF THE 2ND |
|
Mobile BayBears batting - Pitching for Mississippi Braves : RHP Orlando Velazquez
|
|
Batting: RHB John Gray
|
0-0: Ball 1-0: Fly out, F7 (Line Drive, 7, EV 90.0 MPH)
|
|
Batting: LHB Josh Gottlieb
|
0-0: Swinging Strike 0-1: Foul Ball, location: 2F 0-2: Foul Ball, location: 2F 0-2: Foul Ball, location: 2F 0-2: Strikes out swinging
|
|
Batting: RHB Andy Schuett
|
0-0: Swinging Strike 0-1: Swinging Strike 0-2: Ball 1-2: Ball 2-2: Strikes out swinging
|
| Top of the 2nd over - 0 runs, 0 hits, 0 errors, 0 left on base; Mobile 0 - Mississippi 0 |
| BOTTOM OF THE 2ND |
|
Mississippi Braves batting - Pitching for Mobile BayBears : LHP David Legg
|
|
Batting: RHB Yorkis Saiki
|
0-0: Swinging Strike 0-1: Called Strike 0-2: SINGLE (Groundball, 4D, EV 96.2 MPH)
|
|
Batting: RHB Zachary Sidney
|
0-0: Ball 1-0: Fly out, F7 (Flyball, 78D, EV 101.9 MPH)
|
|
Batting: LHB Rodolfo Cano
|
0-0: Ball 1-0: Swinging Strike 1-1: Ball 2-1: Ball 3-1: Grounds into double play, 4-6-3 (Groundball, 4, EV 85.6 MPH)
|
| Bottom of the 2nd over - 0 runs, 1 hit, 0 errors, 0 left on base; Mobile 0 - Mississippi 0 |
| TOP OF THE 3RD |
|
Mobile BayBears batting - Pitching for Mississippi Braves : RHP Orlando Velazquez
|
|
Batting: RHB Omar Arroyo
|
0-0: Swinging Strike 0-1: Called Strike 0-2: Strikes out swinging
|
|
Batting: RHB Dustin Legault
|
0-0: Foul Ball, location: 2F 0-1: Foul Ball, location: 2F 0-2: Fly out, F9 (Line Drive, 89S, EV 98.8 MPH)
|
|
Batting: RHB Justin Bruce
|
0-0: Ball 1-0: Ball 2-0: Ball 3-0: Called Strike 3-1: Ground out 5-3 (Groundball, 56, EV 90.0 MPH)
|
| Top of the 3rd over - 0 runs, 0 hits, 0 errors, 0 left on base; Mobile 0 - Mississippi 0 |
| BOTTOM OF THE 3RD |
|
Mississippi Braves batting - Pitching for Mobile BayBears : LHP David Legg
|
|
Batting: RHB Edwin Cota
|
0-0: SINGLE (Line Drive, 8LS, EV 93.1 MPH)
|
|
Batting: LHB Ryan Braden
|
0-0: Called Strike Edwin Cota steals 2nd base 0-1: Ball 1-1: Swinging Strike 1-2: Foul Ball, location: 2F 1-2: Fly out, F9 (Line Drive, 9LM, EV 105.6 MPH)
|
|
Batting: RHB Angel Guzman
|
0-0: Ground out 6-3 (Groundball, 6, EV 88.1 MPH)
|
|
Batting: RHB Jack Power
|
0-0: Ground out U3 (Groundball, 34, EV 86.2 MPH)
|
| Bottom of the 3rd over - 0 runs, 1 hit, 0 errors, 1 left on base; Mobile 0 - Mississippi 0 |
| TOP OF THE 4TH |
|
Mobile BayBears batting - Pitching for Mississippi Braves : RHP Orlando Velazquez
|
|
Batting: LHB Steve Reinhart
|
0-0: Ball 1-0: Ball 2-0: Ball 3-0: Base on Balls
|
|
Batting: LHB Bobby Arevalo
|
0-0: Ball 1-0: Ball 2-0: Called Strike Steve Reinhart steals 2nd base 2-1: Ball 3-1: Fly out, F9 (Flyball, 9, EV 86.2 MPH)
|
|
Batting: SHB Salvador Aragon
|
0-0: Ball 1-0: Called Strike 1-1: Ball 2-1: Foul Ball, location: 2F 2-2: Fly out, F5 (Popup, 5SF, EV 74.4 MPH)
|
|
Batting: RHB John Gray
|
0-0: Swinging Strike 0-1: Ball 1-1: Swinging Strike Passed Ball! Steve Reinhart to third 1-2: Ball 2-2: Ground out 5-3 (Groundball, 56, EV 98.8 MPH)
|
| Top of the 4th over - 0 runs, 0 hits, 0 errors, 1 left on base; Mobile 0 - Mississippi 0 |
| BOTTOM OF THE 4TH |
|
Mississippi Braves batting - Pitching for Mobile BayBears : LHP David Legg
|
|
Batting: RHB Tim Nettles
|
0-0: Ball 1-0: Ball 2-0: Fly out, F9 (Flyball, 9, EV 88.8 MPH)
|
|
Batting: LHB Robby Dann
|
0-0: Fly out, F8 (Flyball, 8RS, EV 86.9 MPH)
|
|
Batting: RHB Yorkis Saiki
|
0-0: Called Strike 0-1: Ball 1-1: Ball 2-1: Called Strike 2-2: Strikes out swinging
|
| Bottom of the 4th over - 0 runs, 0 hits, 0 errors, 0 left on base; Mobile 0 - Mississippi 0 |
| TOP OF THE 5TH |
|
Mobile BayBears batting - Pitching for Mississippi Braves : RHP Orlando Velazquez
|
|
Batting: LHB Josh Gottlieb
|
0-0: Ball 1-0: Called Strike 1-1: Called Strike 1-2: Strikes out swinging
|
|
Batting: RHB Andy Schuett
|
0-0: Ball 1-0: Fly out, F7 (Flyball, 7, EV 88.8 MPH)
|
|
Batting: RHB Omar Arroyo
|
0-0: Ball 1-0: SOLO HOME RUN (Flyball, 7D, EV 96.2 MPH), Distance : 390 ft
|
|
Batting: RHB Dustin Legault
|
0-0: Ball 1-0: Called Strike 1-1: Foul Ball, location: 2F 1-2: Strikes out swinging
|
| Top of the 5th over - 1 run, 1 hit, 0 errors, 0 left on base; Mobile 1 - Mississippi 0 |
| BOTTOM OF THE 5TH |
|
Mississippi Braves batting - Pitching for Mobile BayBears : LHP David Legg
|
|
Batting: RHB Zachary Sidney
|
0-0: Fly out, F7 (Line Drive, 7S, EV 98.1 MPH)
|
|
Batting: LHB Rodolfo Cano
|
0-0: Foul Ball, location: 2F 0-1: Foul Ball, location: 2F 0-2: Foul Ball, location: 2F 0-2: Ball 1-2: Strikes out looking
|
|
Batting: RHB Edwin Cota
|
0-0: SINGLE (Line Drive, 8LS, EV 87.5 MPH)
|
|
Batting: LHB Ryan Braden
|
0-0: Ball 1-0: Called Strike Edwin Cota steals 2nd base 1-1: Ball 2-1: Foul Ball, location: 2F 2-2: SINGLE (Groundball, 4MD, EV 104.4 MPH) Edwin Cota to third Runner from 3rd tries for Home, SAFE, throw by CF to home
|
|
Batting: RHB Angel Guzman
|
0-0: Ball Ryan Braden steals 2nd base (no throw) 1-0: Ball 2-0: Called Strike 2-1: Ball 3-1: Called Strike 3-2: Ground out 5-3 (Groundball, 56S, EV 65.0 MPH)
|
| Bottom of the 5th over - 1 run, 2 hits, 0 errors, 1 left on base; Mobile 1 - Mississippi 1 |
| TOP OF THE 6TH |
|
Mobile BayBears batting - Pitching for Mississippi Braves : RHP Orlando Velazquez
|
|
Batting: RHB Justin Bruce
|
0-0: Called Strike 0-1: Ball 1-1: Ball 2-1: Ball 3-1: Called Strike 3-2: Strikes out looking
|
|
Batting: LHB Steve Reinhart
|
0-0: Ball 1-0: Foul Ball, location: 2F 1-1: Ball 2-1: Fly out, F8 (Flyball, 78M, EV 91.2 MPH)
|
|
Batting: LHB Bobby Arevalo
|
0-0: Swinging Strike 0-1: Ball 1-1: Swinging Strike 1-2: Ball 2-2: Foul Ball, location: 2F 2-2: Strikes out swinging
|
| Top of the 6th over - 0 runs, 0 hits, 0 errors, 0 left on base; Mobile 1 - Mississippi 1 |
| BOTTOM OF THE 6TH |
|
Mississippi Braves batting - Pitching for Mobile BayBears : LHP David Legg
|
|
Batting: RHB Jack Power
|
0-0: Ball 1-0: Called Strike 1-1: Foul Ball, location: 2F 1-2: Ball 2-2: Ground out 5-3 (Groundball, 5S, EV 68.8 MPH)
|
|
Batting: RHB Tim Nettles
|
0-0: SINGLE (Line Drive, 7S, EV 90.0 MPH)
|
|
Batting: LHB Robby Dann
|
0-0: Ball Tim Nettles steals 2nd base 1-0: TRIPLE (Line Drive, 89XD, EV 103.1 MPH) Tim Nettles scores
|
|
Batting: RHB Yorkis Saiki
|
0-0: SINGLE (Groundball, 34, EV 95.6 MPH) Robby Dann scores
|
|
Batting: RHB Zachary Sidney
|
0-0: Ball 1-0: Called Strike 1-1: Ball 2-1: Foul Ball, location: 2F 2-2: Grounds into double play, 5-4-3 (Groundball, 56, EV 83.8 MPH)
|
| Bottom of the 6th over - 2 runs, 3 hits, 0 errors, 0 left on base; Mobile 1 - Mississippi 3 |
| TOP OF THE 7TH |
|
Mobile BayBears batting - Pitching for Mississippi Braves : RHP Orlando Velazquez
|
|
Batting: SHB Salvador Aragon
|
0-0: Called Strike 0-1: Ball 1-1: Ball 2-1: SOLO HOME RUN (Flyball, 7D, EV 96.2 MPH), Distance : 374 ft
|
|
Batting: RHB John Gray
|
0-0: Ball 1-0: Ball 2-0: Ground out 6-3 (Groundball, 56, EV 83.8 MPH)
|
|
Batting: LHB Josh Gottlieb
|
0-0: Ball 1-0: Hit by Pitch
|
|
Batting: RHB Andy Schuett
|
0-0: Ball 1-0: Ball 2-0: Ball 3-0: Called Strike 3-1: Fly out, F9 (Flyball, 9S, EV 89.4 MPH)
|
|
Pitching: RHP Jonathan Jacquez
|
|
|
Batting: RHB Omar Arroyo
|
0-0: Called Strike Josh Gottlieb steals 2nd base (no throw) 0-1: Ball 1-1: Ball 2-1: Foul Ball, location: 2F 2-2: Ball 3-2: Foul Ball, location: 2F 3-2: Foul Ball, location: 2F 3-2: Foul Ball, location: 2F 3-2: Base on Balls
|
|
Batting: RHB Dustin Legault
|
0-0: Ball 1-0: Fly out, F8 (Flyball, 8RM, EV 81.2 MPH)
|
| Top of the 7th over - 1 run, 1 hit, 0 errors, 2 left on base; Mobile 2 - Mississippi 3 |
| BOTTOM OF THE 7TH |
|
Mississippi Braves batting - Pitching for Mobile BayBears : LHP David Legg
|
|
Batting: LHB Rodolfo Cano
|
0-0: Swinging Strike 0-1: Foul Ball, location: 2F 0-2: Strikes out swinging
|
|
Batting: RHB Edwin Cota
|
0-0: Called Strike 0-1: Swinging Strike 0-2: Strikes out swinging
|
|
Batting: LHB Ryan Braden
|
0-0: Ball 1-0: Ball 2-0: Ball 3-0: Called Strike 3-1: Base on Balls
|
|
Batting: RHB Angel Guzman
|
0-0: Ball 1-0: Called Strike Ryan Braden steals 2nd, throwing error, E2 Ryan Braden to third 1-1: Ball 2-1: Foul Ball, location: 2F 2-2: SINGLE (Groundball, 56D, EV 93.8 MPH) Ryan Braden scores
|
|
Batting: RHB Jack Power
|
0-0: Reached on error, E3 (Groundball, 34, EV 98.1 MPH) Angel Guzman to second
|
|
Batting: RHB Tim Nettles
|
0-0: Ball 1-0: Ball 2-0: Called Strike 2-1: Ball 3-1: Base on Balls Angel Guzman to third Jack Power to second
|
|
Pitching: LHP Danny Kessel
|
|
|
Batting: LHB Robby Dann
|
0-0: Foul Ball, location: 2F 0-1: SINGLE (Groundball, 4MS, EV 68.1 MPH) (infield hit) Angel Guzman scores Jack Power to third Tim Nettles to second
|
|
Batting: RHB Yorkis Saiki
|
0-0: Ball 1-0: Ball 2-0: Ball 3-0: Base on Balls Jack Power scores Tim Nettles to third Robby Dann to second
|
|
Batting: RHB Zachary Sidney
|
0-0: Fly out, F5 (Flyball, 5D, EV 95.6 MPH)
|
| Bottom of the 7th over - 3 runs, 2 hits, 2 errors, 3 left on base; Mobile 2 - Mississippi 6 |
| TOP OF THE 8TH |
|
Mobile BayBears batting - Pitching for Mississippi Braves : RHP Jonathan Jacquez
|
|
Batting: RHB Justin Bruce
|
0-0: Foul Ball, location: 2F 0-1: Ball 1-1: Ball 2-1: Swinging Strike 2-2: Foul Ball, location: 2F 2-2: Fly out, F8 (Flyball, 78D, EV 94.4 MPH)
|
|
Batting: LHB Steve Reinhart
|
0-0: Ball 1-0: Foul Ball, location: 2F 1-1: Fly out, F9 (Line Drive, 9, EV 86.2 MPH)
|
|
Batting: LHB Bobby Arevalo
|
0-0: Called Strike 0-1: Ball 1-1: Ball 2-1: Ball 3-1: Called Strike 3-2: Base on Balls
|
|
Batting: SHB Salvador Aragon
|
0-0: Called Strike 0-1: Swinging Strike 0-2: Strikes out swinging
|
| Top of the 8th over - 0 runs, 0 hits, 0 errors, 1 left on base; Mobile 2 - Mississippi 6 |
| BOTTOM OF THE 8TH |
|
Mississippi Braves batting - Pitching for Mobile BayBears : LHP Danny Kessel
|
|
Batting: LHB Rodolfo Cano
|
0-0: Ball 1-0: Called Strike 1-1: Foul Ball, location: 2F 1-2: Foul Ball, location: 2F 1-2: Ball 2-2: Fly out, F7 (Flyball, 7, EV 95.6 MPH)
|
|
Batting: RHB Edwin Cota
|
0-0: Ball 1-0: Ball 2-0: Called Strike 2-1: Ground out 4-3 (Groundball, 4, EV 78.8 MPH)
|
|
Batting: LHB Ryan Braden
|
0-0: Ball 1-0: Called Strike 1-1: Called Strike 1-2: Foul Ball, location: 2F 1-2: Ball 2-2: Ball 3-2: Strikes out swinging
|
| Bottom of the 8th over - 0 runs, 0 hits, 0 errors, 0 left on base; Mobile 2 - Mississippi 6 |
| TOP OF THE 9TH |
|
Mobile BayBears batting - Pitching for Mississippi Braves : RHP Jonathan Jacquez
|
|
Pitching: RHP Nate Davis
|
|
|
Batting: RHB John Gray
|
0-0: Ball 1-0: Called Strike 1-1: Swinging Strike 1-2: Foul Ball, location: 2F 1-2: Ball 2-2: Ball 3-2: Ground out U3 (Groundball, 3, EV 81.9 MPH)
|
|
Batting: LHB Josh Gottlieb
|
0-0: Foul Ball, location: 2F 0-1: Ball 1-1: Foul Ball, location: 2F 1-2: Ball 2-2: Strikes out looking
|
|
Batting: RHB Andy Schuett
|
0-0: SINGLE (Groundball, 5S, EV 66.9 MPH) (infield hit)
|
|
Batting: RHB Omar Arroyo
|
0-0: Ball 1-0: Fly out, F1 (Line Drive, P, EV 73.1 MPH)
|
| Top of the 9th over - 0 runs, 1 hit, 0 errors, 1 left on base; Mobile 2 - Mississippi 6 |
|